Map: [EWC] Crimson Court

Players

Oliveira

  • Race: Terran Terran
  • Spawn Location: 7:00

Classic - Winner!

  • Race: Protoss Protoss
  • Spawn Location: 1:00

Event: Esports World Cup 2024

VOD

Have the link to the VOD?

Description

Time

  • Played on: Aug. 17, 2024, 6:58 a.m.
  • Length: 7:07

All games in this series

Show
View Real Time Build Order
Export as new Build Order

Oliveira Terran 

Build Orders:  

Get SALT Encoding   

  12  0:00  SCV  
  13  0:12  SCV  
  14  0:16  Supply Depot  
  14  0:24  SCV  
  15  0:38  SCV  
  15  0:39  Barracks  
  16  0:43  Refinery  
  16  0:50  SCV  
  16  0:52  Refinery  
  17  1:02  SCV  
  18  1:05  Supply Depot  
  18  1:14  SCV  
  19  1:26  Orbital Command, Reaper  
  20  1:41  Factory  
  20  1:52  SCV  
  21  1:58  Barracks Reactor  
  21  2:04  SCV  
  22  2:15  Command Center  
  22  2:17  SCV  
  23  2:24  Hellion  
  23  2:29  SCV  
  26  2:33  Supply Depot  
  26  2:35  Reaper x2  
  28  2:41  SCV  
  29  2:46  Hellion  
  31  2:51  Barracks  
  31  3:01  SCV  
  32  3:08  Factory Tech Lab  
  32  3:12  Barracks  
  32  3:13  SCV  
  32  3:16  Marine x2  
  35  3:25  SCV  
  35  3:26  Orbital Command  
  35  3:37  Marine  
  35  3:40  Barracks Tech Lab  
  34  3:43  Marine  
  34  3:44  Siege Tank  
  34  3:45  SCV  
  39  3:52  SCV  
  39  3:55  Marine  
  40  3:57  SCV  
  40  3:59  Stimpack  
  40  4:01  Barracks Tech Lab, Marine  
  40  4:02  Marine  
  44  4:04  Supply Depot, SCV  
  44  4:09  SCV  
  46  4:13  Marine  
  46  4:16  SCV  
  46  4:17  Siege Tank  
  51  4:19  Combat Shield  
  51  4:21  Marine  
  54  4:24  Marauder  
  54  4:27  Marauder  
  54  4:30  Supply Depot  
  56  4:33  Marine  
  56  4:37  SCV  
  58  4:38  SCV  
  58  4:39  Marine  
  62  4:45  Marauder  
  62  4:51  Supply Depot  
  62  4:52  Marauder  
  64  4:54  SCV  
  64  4:57  Siege Tank  
  64  4:59  Marine x2  
  70  5:13  SCV, Marine  
  70  5:14  Marauder  
  74  5:17  Marine  
  74  5:18  SCV  
  71  5:23  Marine  
  67  5:31  Marauder  
  67  5:34  Marine x2  
  68  5:39  Siege Tank  
  68  5:40  SCV, Marine  
  68  5:42  SCV  
  72  5:52  SCV, Marine, Marauder  
  72  5:53  Marauder  
  77  5:58  Marine  
  69  6:08  SCV x2  
  69  6:10  Marine  
  71  6:12  Siege Tank  
  71  6:14  Marine, Marauder  
  71  6:17  Refinery  
  71  6:18  Supply Depot, Engineering Bay  
  77  6:20  SCV  
  77  6:23  Marine  
  77  6:24  SCV  
  80  6:28  Marine  
  80  6:32  SCV, Marauder  
  84  6:35  Marauder  
  84  6:36  SCV  
  84  6:41  Marine  
  84  6:44  SCV  
  84  6:46  Marine  
  86  6:48  SCV  
Show
View Real Time Build Order
Export as new Build Order

Classic Protoss - Winner!

Build Orders: 1 Gate Expand, Blink Stalkers 

Get SALT Encoding   

  12  0:00  Probe  
  13  0:12  Probe  
  14  0:17  Pylon  
  14  0:24  Probe (Chrono Boost)  
  15  0:36  Gateway, Probe (Chrono Boost)  
  16  0:43  Probe (Chrono Boost)  
  16  0:45  Assimilator  
  17  0:50  Probe  
  18  1:03  Probe  
  19  1:15  Probe  
  20  1:23  Cybernetics Core  
  22  1:32  Nexus  
  20  1:39  Pylon  
  20  1:42  Probe  
  21  1:47  Assimilator  
  21  1:54  Probe  
  22  1:56  Adept (Chrono Boost)  
  22  1:59  Warp Gate  
  24  2:06  Probe  
  25  2:16  Twilight Council  
  25  2:18  Probe  
  26  2:22  Adept  
  28  2:30  Probe  
  29  2:44  Probe (Chrono Boost)  
  31  2:47  Probe (Chrono Boost)  
  31  2:48  Blink (Chrono Boost)  
  31  2:53  Probe (Chrono Boost)  
  31  2:56  Stalker, Probe (Chrono Boost)  
  31  2:58  Probe (Chrono Boost)  
  35  3:04  Shield Battery  
  36  3:10  Gateway  
  36  3:14  Probe x2  
  38  3:21  Robotics Facility  
  38  3:26  Probe x2  
  39  3:45  Probe  
  39  3:48  Probe  
  40  3:51  Stalker  
  42  3:56  Gateway  
  42  3:57  Gateway  
  42  3:58  Pylon  
  42  3:59  Probe  
  42  4:00  Probe  
  44  4:05  Warp Prism (Chrono Boost)  
  46  4:16  Pylon, Probe  
  47  4:17  Probe  
  48  4:25  Stalker  
  48  4:26  Stalker  
  52  4:34  Observer  
  52  4:35  Probe  
  54  4:51  Stalker  
  54  4:52  Stalker x3  
  62  4:55  Pylon  
  62  5:03  Nexus  
  60  5:18  Stalker x3  
  66  5:24  Probe x2  
  64  5:37  Pylon, Probe x2  
  66  5:46  Gateway  
  66  5:48  Gateway  
  66  5:49  Gateway x2  
  66  5:53  Stalker x2  
  66  5:54  Stalker  
  66  5:56  Pylon  
  70  5:57  Shield Battery, Stalker  
  70  6:04  Immortal (Chrono Boost)  
  70  6:11  Assimilator  
  72  6:19  Zealot x3  
  72  6:22  Stalker  
  80  6:29  Pylon  
  80  6:30  Pylon  
  76  6:46  Zealot  
  76  6:47  Zealot x4  
  84  6:57  Zealot x3  
Tags
 
Add a new tag
Caveats
  • Supply blocks, unpowered buildings, or Contaminate may cause inaccurate times.
  • Supply counts are checked every 10 seconds.